Map: 10000 Feet LE

Players

whitegulz - Winner!

  • Race: Zerg Zerg
  • League: Platinum
  • Spawn Location: 11:00

VOD

Have the link to the VOD?

Description

練習速三開的流程

Time

  • Played on: Nov. 22, 2025, 2:48 a.m.
  • Length: 11:01
Show
View Real Time Build Order
Export as new Build Order

whitegulz Zerg - Winner!

Build Orders: Hatch First 

Get SALT Encoding   

  12  0:02  Drone  
  12  0:10  Drone  
  12  0:20  Extractor  
  12  0:21  Extractor, Drone  
  12  0:22  Drone  
  12  0:42  Hatchery  
  12  0:48  Extractor x2, Drone  
  12  0:52  Overlord  
  12  1:11  Drone x3  
  12  1:25  Spawning Pool, Extractor  
  12  1:27  Drone  
  12  1:33  Drone  
  12  1:46  Overlord  
  12  1:56  Drone x2  
  12  2:13  Zergling x4  
  12  2:14  Queen  
  12  2:15  Queen  
  12  2:25  Hatchery  
  12  2:28  Metabolic Boost  
  12  2:32  Drone  
  12  2:40  Drone  
  12  2:41  Drone x2  
  12  2:44  Drone  
  12  2:50  Drone x2  
  12  2:56  Overlord  
  12  3:03  Queen  
  12  3:08  Pneumatized Carapace  
  12  3:11  Drone  
  12  3:18  Drone x3  
  12  3:24  Drone x3  
  12  3:27  Drone  
  12  3:34  Overlord  
  12  3:37  Overlord  
  12  3:39  Overlord  
  12  3:48  Zergling x2  
  12  3:49  Zergling x6  
  12  3:54  Spore Crawler  
  12  3:58  Drone  
  12  3:59  Drone  
  12  4:04  Spore Crawler  
  12  4:05  Extractor  
  12  4:06  Spore Crawler, Roach Warren  
  12  4:08  Extractor  
  12  4:14  Drone x4  
  12  4:15  Drone  
  12  4:28  Drone x5  
  12  4:33  Drone x4  
  12  4:37  Lair  
  12  4:50  Roach  
  12  4:51  Roach x4  
  12  4:57  Baneling Nest  
  12  4:58  Drone x4  
  12  5:04  Drone  
  12  5:05  Drone  
  12  5:11  Overlord  
  12  5:15  Overlord x2  
  12  5:16  Hatchery  
  12  5:18  Overlord  
  12  5:20  Drone  
  12  5:21  Drone  
  12  5:22  Drone  
  12  5:27  Extractor x2  
  12  5:34  Extractor  
  12  5:35  Drone  
  12  5:36  Drone x5  
  12  5:38  Spore Crawler, Extractor  
  12  5:39  Queen  
  12  5:43  Queen  
  12  5:47  Drone x2  
  12  5:48  Extractor, Drone x2  
  12  5:49  Drone  
  12  5:51  Drone  
  12  5:54  Centrifugal Hooks  
  12  5:59  Drone  
  12  6:00  Drone x3  
  12  6:01  Drone  
  12  6:03  Drone x2  
  12  6:04  Drone  
  12  6:12  Drone x2  
  12  6:14  Drone x2  
  12  6:23  Overlord  
  12  6:24  Overlord x2  
  12  6:26  Overlord x3  
  12  6:29  Glial Reconstitution  
  12  6:33  Spire  
  12  6:43  Roach  
  12  6:44  Roach x9  
  12  6:49  Baneling x8  
  12  6:50  Baneling  
  12  6:57  Zergling x12  
  12  7:03  Zergling x2  
  12  7:04  Zergling x8  
  12  7:07  Drone  
  12  7:08  Drone x5  
  12  7:15  Overlord x4  
  12  7:19  Overlord  
  12  7:31  Overseer  
  12  7:39  Mutalisk x9  
  12  7:47  Roach x3  
  12  7:48  Roach x4  
  12  7:53  Evolution Chamber  
  12  7:55  Evolution Chamber  
  12  7:57  Evolution Chamber, Infestation Pit  
  12  7:59  Hydralisk Den  
  12  8:02  Drone  
  12  8:03  Drone x6  
  12  8:12  Mutalisk  
  12  8:13  Mutalisk x3  
  12  8:23  Roach x7  
  12  8:29  Roach  
  12  8:30  Roach x3  
  12  8:32  Drone  
  12  8:33  Drone x3  
  12  8:37  Hive  
  12  9:00  Zerg Ground Armor Level 1, Zerg Melee Weapons Level 1, Zerg Missile Weapons Level 1  
  12  9:03  Muscular Augments  
  12  9:10  Hatchery  
  12  9:11  Extractor x2  
  12  9:20  Drone x3  
  12  9:26  Hatchery, Extractor  
  12  9:27  Microbial Shroud  
  12  9:28  Extractor  
  12  9:34  Lurker Den  
  12  9:51  Drone x3  
  12  9:54  Drone  
  12  10:07  Grooved Spines  
  12  10:29  Ultralisk Cavern  
  12  10:49  Drone  
Tags
 
Add a new tag
Caveats
  • Supply blocks, unpowered buildings, or Contaminate may cause inaccurate times.
  • Supply counts are checked every 10 seconds.